 Dungeon Crawl Stone Soup version 0.24.1 (webtiles) character file.

Game seed: 17042062673172101554, levelgen mode: deterministic

2566 Ponchio the Thaumaturge (level 9, -1/45 HPs)
             Began as a Deep Elf Earth Elementalist on Mar 24, 2020.
             Was a Follower of Vehumet.
             Splashed by Harold's acid (13 damage)
             ... on level 7 of the Dungeon.
             The game lasted 00:27:07 (7613 turns).

Ponchio the Thaumaturge (DEEE)                      Turns: 7613, Time: 00:27:08

Health: -1/45      AC: -3    Str:  5    XL:     9   Next: 31%
Magic:  2/26       EV: 13    Int: 24    God:    Vehumet [*.....]
Gold:   251        SH:  0    Dex: 15    Spells: 15/30 levels left

rFire    + . .     SeeInvis .   z - +4 dagger (flame)
rCold    . . .     Gourm    +   (no shield)
rNeg     . . .     Faith    .   h - +0 robe (curse)
rPois    .         Spirit   .   (no helmet)
rElec    .         Reflect  .   o - +0 cloak
rCorr    .         Harm     .   l - +1 pair of gloves
MR       .....                  (no boots)
Stlth    ++........             f - amulet of the gourmand
HPRegen  0.15/turn              j - ring of protection from fire
MPRegen  0.20/turn              (no ring)

@: about to teleport, marked, corroded
A: no striking features
a: Renounce Religion


You were on level 7 of the Dungeon.
You worshipped Vehumet.
Vehumet was aware of your devotion.
You were not hungry.

You visited 2 branches of the dungeon, and saw 8 of its levels.

You collected 251 gold pieces.

Inventory:

Hand Weapons
 z - a +4 dagger of flaming (weapon)
Missiles
 b - 18 stones (quivered)
Armour
 c - a +0 robe
 h - a cursed +0 robe (worn)
 l - a +1 pair of gloves (worn)
 o - a +0 cloak (worn)
Jewellery
 f - an amulet of the gourmand (around neck)
 g - an uncursed ring of fire
 j - a ring of protection from fire (left hand)
 p - an uncursed ring of ice
 w - an uncursed ring of protection from fire
Wands
 y - a wand of polymorph (6)
Scrolls
 k - 2 scrolls of teleportation
 m - 4 scrolls of remove curse
 r - a scroll of fear
 s - a scroll of enchant armour
 x - 4 scrolls of enchant weapon
Potions
 a - 2 potions of agility
 e - a potion of heal wounds {unknown}
 i - 4 potions of curing
 n - a potion of haste {unknown}
 q - a potion of lignification {unknown}
 t - a potion of degeneration {unknown}
 u - a potion of brilliance {unknown}
 v - 3 potions of might
Comestibles
 d - 8 rations


   Skills:
 - Level 2.4 Dodging
 - Level 2.4 Stealth
 + Level 11.2 Spellcasting
 - Level 1.1 Transmutations
 + Level 10.8 Earth Magic


You had 15 spell levels left.
You knew the following spells:

 Your Spells              Type           Power        Failure   Level  Hunger
a - Sandblast             Erth           ######       1%          1    None
b - Passwall              Tmut/Erth      #####...     1%          2    None
c - Stone Arrow           Conj/Erth      #####.       1%          3    None
d - Petrify               Tmut/Erth      #####...     4%          4    None
e - Lee's Rapid Deconstr  Erth           ######....   1%          5    ####...

Your spell library contained the following spells:

 Spells                   Type           Power        Failure   Level  Hunger
 Magic Dart               Conj           ##..         4%          1    None


Dungeon Overview and Level Annotations

Branches:
Dungeon (7/15)             Temple (1/1) D:4

Altars:
Ashenzari
Dithmenos
Elyvilon
Fedhas
Gozag
Hepliaklqana
Makhleb
Nemelex Xobeh
Okawaru
Qazlal
Ru
Sif Muna
Trog
Uskayaw
Vehumet
Wu Jian
Xom
Yredelemnul
The Shining One

Shops:
D:4 !   D:5 (

Annotations:
D:7 Harold


Message History

The wall shatters!
The blast of rock fragments hits Harold!
Harold is heavily wounded.
Harold yells, "I don't have all day!"
Harold throws a throwing net.
The throwing net closely misses you.
Casting: Lee's Rapid Deconstruction (safe; 1% risk of failure)
Confirm with . or Enter, or press ? or * to list all spells.
Aiming: Lee's Rapid Deconstruction (safe; 1% risk of failure)
Press: ? - help, Dir - move target cursor A rock wall.
The wall shatters!
The blast of rock fragments hits Harold.
Harold is severely wounded.
Harold zaps a wand.
The bolt of acid hits you! The acid corrodes you!
You are splashed with acid!
As you read the scroll of teleportation, it crumbles to dust.
You feel strangely unstable.
Harold zaps a wand.
The bolt of acid hits you!
* * * LOW HITPOINT WARNING * * *
The acid corrodes you!
You are splashed with acid!
You die...

........#######.#####)##
...(...# .....###.#)##
......###.##..........
...................##
..#@.......#.##....)
#.#........#..#..)#.
#.#........#......).
#.#.................
#..@................
#####.#####.#...........
#.........#...##..####..
#.#.#.###.#... #..# #..
#.#...###.#..###..# #..
#.#....##.#.......####.#
####............###.......#
#.......†..##.#........###.#
#.#######..##.#..###.[.# #.#


You could see Harold.

Vanquished Creatures
  Grinder (D:6)
  Prince Ribbit (D:6)
  Edmund (D:6)
  3 orc warriors (D:6)
  A black bear (D:6)
  2 sky beasts
  2 ice beasts (D:6)
  A phantom (D:6)
  An ogre (D:6)
  A centaur (D:6)
  3 bullfrogs (D:6)
  A scorpion (D:4)
  A howler monkey (D:7)
  A crimson imp (D:6)
  A centaur zombie (D:5)
  2 orc priests (D:6)
  3 hounds
  2 jellies
  A centaur skeleton (D:4)
  3 orc wizards
  5 worker ants
  An iguana (D:6)
  3 hound skeletons
  Robin (D:4)
  A howler monkey skeleton (D:5)
  9 adders
  A shadow imp (D:6)
  2 oozes
  2 adder zombies (D:6)
  2 worms
  2 dart slugs
  3 leopard geckos
  19 orcs
  6 giant cockroaches
  19 goblins
  11 hobgoblins
  8 jackals
  3 quokkas
  5 ball pythons
  4 bats
  3 frilled lizards
  5 kobolds
  10 rats
157 creatures vanquished.

Vanquished Creatures (others)
  A dart slug (D:4)
  A giant cockroach (D:4)
2 creatures vanquished.

Grand Total: 159 creatures vanquished

Notes
Turn   | Place    | Note
-------+----------+-------------------------------------------
     0 | D:1      | Ponchio the Deep Elf Earth Elementalist began the quest for
                  | the Orb.
     0 | D:1      | Reached XP level 1. HP: 10/10 MP: 6/6
   129 | D:1      | Reached XP level 2. HP: 15/15 MP: 5/8
   569 | D:1      | Reached XP level 3. HP: 19/19 MP: 5/10
   768 | D:1      | Reached skill level 4 in Spellcasting
  1271 | D:2      | Found a faded altar of an unknown god.
  1706 | D:3      | Reached XP level 4. HP: 24/24 MP: 12/12
  1767 | D:3      | Found a blossoming altar of Fedhas.
  2162 | D:3      | Reached skill level 5 in Spellcasting
  2162 | D:3      | Reached skill level 5 in Earth Magic
  2381 | D:4      | Reached XP level 5. HP: 28/28 MP: 12/14
  2406 | D:4      | Learned a level 2 spell: Passwall
  2410 | D:4      | Learned a level 3 spell: Stone Arrow
  2415 | D:4      | Learned a level 4 spell: Petrify
  2491 | D:4      | Found a staircase to the Ecumenical Temple.
  2501 | Temple   | Entered the Ecumenical Temple
  2599 | Temple   | Became a worshipper of Vehumet
  2690 | D:4      | Found Isymamm's Distillery.
  2717 | D:4      | Noticed Robin
  2815 | D:4      | Killed Robin
  2874 | D:4      | Found an ornate altar of the Wu Jian Council.
  3021 | D:4      | Learned a level 5 spell: Lee's Rapid Deconstruction
  3027 | D:4      | Reached skill level 6 in Spellcasting
  3195 | D:4      | Noticed a sky beast
  3206 | D:4      | Killed a sky beast
  3206 | D:4      | Reached XP level 6. HP: 15/32 MP: 1/17
  3494 | D:4      | Found a sparkling altar of Nemelex Xobeh.
  3737 | D:5      | Entered Level 5 of the Dungeon
  4143 | D:5      | Found a radiant altar of Vehumet.
  4213 | D:5      | Found Ranem's Weapon Boutique.
  4987 | D:5      | Reached skill level 7 in Spellcasting
  5064 | D:6      | Reached XP level 7. HP: 36/36 MP: 17/19
  5194 | D:6      | Noticed Edmund
  5199 | D:6      | Killed Edmund
  5329 | D:6      | Reached * piety under Vehumet
  5329 | D:6      | Offered knowledge of Magic Dart by Vehumet.
  5329 | D:6      | Reached skill level 8 in Spellcasting
  5624 | D:6      | Reached XP level 8. HP: 41/41 MP: 0/22
  6014 | D:6      | Reached skill level 9 in Spellcasting
  6203 | D:6      | Noticed Grinder
  6215 | D:6      | Killed Grinder
  6306 | D:6      | Reached skill level 10 in Spellcasting
  6306 | D:6      | Reached skill level 10 in Earth Magic
  6633 | D:6      | Noticed Prince Ribbit
  6635 | D:6      | Killed Prince Ribbit
  6635 | D:6      | Reached XP level 9. HP: 45/45 MP: 14/25
  6774 | D:6      | Reached skill level 11 in Spellcasting
  7102 | D:7      | Noticed Harold
  7613 | D:7      | Splashed by Harold's acid

Levels and vault maps discovered:
D:1:      scummos_arrival_gate, layout_basic, minmay_crystal_room
D:2:      layout_basic, chequers_ecumenical_altar_grove
D:3:      layout_basic, fedhas_altar_2
D:4:      layout_loops_ring, nemelex_xobeh_ov_fountains_minmay,
          overflow_temple_1_default, minmay_temple_entry_glass, serial_shops,
          shop_statue, first_ration, lemuel_flame_loot_1, uniq_robin
D:5:      layout_layer_cave, basic_altar, hangedman_glass_teeth,
          ebering_dispersal_statue_hall, kennysheep_windowed_goal
D:6:      layout_basic, uniq_prince_ribbit1, uniq_edmund, uniq_grinder
D:7:      layout_basic, ebering_ghost_disaster_area, serial_shops,
          nicolae_shop_waterfront, uniq_harold
Temple:   eino_temple_scatter_basement

Skill      XL: |  1  2  3  4  5  6  7  8  9 |
---------------+----------------------------+-----
Earth Magic    | 4 5 6 7 8 10 | 10.8
Spellcasting   | 4 5 6 7 8 10 11 | 11.2
Dodging        | |  2.4
Stealth        | |  2.4
Transmutations | |  1.1

Action                   |  1- 3 |  4- 6 |  7- 9 || total
-------------------------+-------+-------+-------++-------
Melee: Dagger            |     5 |    11 |     1 ||    17
 Cast: Sandblast         |    51 |    69 |    33 ||   153
       Lee's Rapid Decon |       |    10 |    43 ||    53
       Stone Arrow       |       |       |     2 ||     2
       Petrify           |       |       |     2 ||     2
  Use: Scroll            |     4 |     8 |     3 ||    15
 Stab: Sleeping          |     2 |       |       ||     2
  Eat: Chunk             |     4 |    13 |    17 ||    34
Armor: Robe              |     1 |     6 |     3 ||    10
Dodge: Dodged            |    12 |    21 |    14 ||    47
